[ AOE2 MATCH · #484644302 ]
UnrankedMalay vs Burgundians
[ REPLAY ANALYSIS · EXTRACTED FROM THE RECORDED GAME ]
Feudal
7:41
Castle
15:43
Imperial
22:54
| APM avg | 34.2 |
| APM peak | 98 |
| eAPM avg | 17.1 |
| Villagers / military | 81 / 29 |
Focus
⚔️ 37.7% · 🌾 62.3%
Karambit Warrior ×18 · Mangonel ×4 · Trebuchet (Packed) ×4 · Petard ×3
Feudal
11:24
Castle
14:57
Imperial
28:53
| APM avg | 34.8 |
| APM peak | 68 |
| eAPM avg | 20.6 |
| Villagers / military | 116 / 51 |
Focus
⚔️ 27.9% · 🌾 72.1%
Hand Cannoneer ×34 · Monk ×7 · Scout Cavalry ×6 · Bombard Cannon ×4
Feudal
10:56
Castle
14:26
Imperial
28:13
| APM avg | 41.3 |
| APM peak | 67 |
| eAPM avg | 28.7 |
| Villagers / military | 137 / 54 |
Focus
⚔️ 46.9% · 🌾 53.1%
Spearman ×46 · Unknown (2579) ×12 · Trebuchet (Packed) ×5 · Monk ×3 · Unknown (2550) ×1 · Unknown (2582) ×1
Feudal
9:41
Castle
13:17
Imperial
—
| APM avg | 39.2 |
| APM peak | 83 |
| eAPM avg | 27.7 |
| Villagers / military | 117 / 106 |
Focus
⚔️ 37.1% · 🌾 62.9%
Militia ×98 · Battering Ram ×8 · Unknown (1105) ×1
Feudal
12:00
Castle
15:30
Imperial
30:31
| APM avg | 22.7 |
| APM peak | 69 |
| eAPM avg | 13.9 |
| Villagers / military | 124 / 20 |
Focus
⚔️ 17.6% · 🌾 82.4%
Archer ×18 · Spearman ×2
Feudal
10:56
Castle
14:51
Imperial
27:16
| APM avg | 37.1 |
| APM peak | 81 |
| eAPM avg | 26.9 |
| Villagers / military | 216 / 68 |
Focus
⚔️ 36.1% · 🌾 63.9%
Knight ×68
Feudal
10:49
Castle
14:02
Imperial
26:11
| APM avg | 54.7 |
| APM peak | 91 |
| eAPM avg | 21.6 |
| Villagers / military | 117 / 24 |
Focus
⚔️ 28.8% · 🌾 71.2%
Knight ×17 · Mangonel ×3 · Trebuchet (Packed) ×2 · Monk ×1 · Scorpion ×1
Feudal
10:57
Castle
14:38
Imperial
—
| APM avg | 40.1 |
| APM peak | 70 |
| eAPM avg | 17.7 |
| Villagers / military | 78 / 1 |
Focus
⚔️ 19.8% · 🌾 80.2%
Unknown (1968) ×53 · Mangonel ×1
Match map
Initial resources + every placement click. Lines = walls · curves = elevation contours. ◆ gold · ⬟ stone · ● berries · ✦ relic · ◌ wall gap
Your base· ✓ Closed at 15:43 · 0t walls · 2 gate(s)
KnightLifeAoC's base· ✓ Closed at 14:57 · 0t walls · 3 gate(s)
Rex Caedis's base· ✓ Closed at 14:26 · 6t walls · 3 gate(s)
Obuk's base· ✓ Closed at 13:17 · 0t walls · 3 gate(s)
Halvtand's base· ✓ Closed at 15:30 · 0t walls · 3 gate(s)
菜就多练's base· ✓ Closed at 14:51 · 0t walls · 2 gate(s)
Go-Toba's base· ✓ Closed at 14:02 · 0t walls · 2 gate(s)
Rumpel the Idle's base· ✓ Closed at 14:38 · 0t walls · 3 gate(s)
Smoothed initial terrain · ◌ = detected wall gap · hover for details
Inputs per minute
— Ivolia - - KnightLifeAoC
Build order — Ivolia
First 150 of 196 actions detected
| 0:00 | Create | Villager (Male) |
| 0:00 | Create | Villager (Male) |
| 0:01 | Create | Villager (Male) |
| 0:01 | Create | Villager (Male) |
| 0:01 | Create | Villager (Male) |
| 0:02 | Build | House |
| 0:03 | Build | House |
| 1:25 | Create | Villager (Male) |
| 1:25 | Create | Villager (Male) |
| 1:45 | Create | Villager (Male) |
| 1:45 | Create | Villager (Male) |
| 1:50 | Build | Lumber Camp |
| 2:17 | Create | Villager (Male) |
| 2:18 | Create | Villager (Male) |
| 2:45 | Create | Villager (Male) |
| 2:46 | Create | Villager (Male) |
| 2:48 | Create | Villager (Male) |
| 2:48 | Create | Villager (Male) |
| 3:32 | Create | Villager (Male) |
| 3:32 | Create | Villager (Male) |
| 3:39 | Build | House |
| 4:02 | Create | Villager (Male) |
| 4:02 | Create | Villager (Male) |
| 4:02 | Create | Villager (Male) |
| 4:08 | Build | Mill |
| 5:02 | Create | Villager (Male) |
| 5:02 | Create | Villager (Male) |
| 5:02 | Create | Villager (Male) |
| 5:06 | Create | Villager (Male) |
| 6:23 | Research | Feudal Age |
| 6:23 | Research | Feudal Age |
| 7:25 | Build | House |
| 7:28 | Create | Villager (Male) |
| 7:41 | Age | Feudal Age |
| 7:44 | Research | Double-Bit Axe |
| 7:53 | Research | Horse Collar |
| 7:57 | Create | Villager (Male) |
| 8:05 | Build | Farm |
| 8:25 | Create | Villager (Male) |
| 8:30 | Build | Farm |
| 8:39 | Create | Villager (Male) |
| 8:44 | Build | Farm |
| 9:10 | Build | Farm |
| 9:16 | Create | Villager (Male) |
| 9:18 | Build | Farm |
| 9:43 | Create | Villager (Male) |
| 9:50 | Build | House |
| 9:57 | Build | Mining Camp |
| 10:04 | Create | Villager (Male) |
| 10:24 | Build | Farm |
| 10:28 | Create | Villager (Male) |
| 10:53 | Create | Villager (Male) |
| 11:21 | Create | Villager (Male) |
| 11:26 | Research | Wheelbarrow |
| 11:35 | Build | Blacksmith |
| 11:48 | Build | House |
| 12:27 | Build | Market |
| 12:41 | Build | Lumber Camp |
| 12:44 | Create | Villager (Male) |
| 13:00 | Create | Villager (Male) |
| 13:17 | Build | Mining Camp |
| 13:30 | Create | Villager (Male) |
| 14:00 | Build | Farm |
| 14:08 | Research | Castle Age |
| 15:22 | Create | Villager (Male) |
| 15:43 | Age | Castle Age |
| 15:48 | Research | Bow Saw |
| 15:51 | Research | Gold Mining |
| 16:00 | Build | Farm |
| 16:01 | Build | Farm |
| 16:02 | Build | Farm |
| 16:03 | Build | Farm |
| 16:04 | Build | Farm |
| 16:12 | Create | Villager (Male) |
| 16:29 | Create | Villager (Male) |
| 16:47 | Build | Farm |
| 16:52 | Build | Farm |
| 16:58 | Build | Farm |
| 16:59 | Build | Farm |
| 17:01 | Create | Villager (Male) |
| 17:22 | Build | House |
| 17:26 | Build | Farm |
| 17:27 | Build | Farm |
| 17:28 | Create | Villager (Male) |
| 17:37 | Create | Villager (Male) |
| 17:47 | Build | House |
| 17:48 | Build | House |
| 17:49 | Build | House |
| 18:06 | Research | Loom |
| 18:31 | Create | Villager (Male) |
| 18:45 | Create | Villager (Male) |
| 19:11 | Build | Castle |
| 19:38 | Create | Villager (Male) |
| 19:40 | Build | Stone Wall |
| 19:46 | Build | Palisade Wall |
| 19:47 | Build | Palisade Wall |
| 19:49 | Build | Palisade Wall |
| 19:50 | Build | Palisade Wall |
| 19:51 | Build | Palisade Wall |
| 19:52 | Build | Palisade Wall |
| 19:53 | Build | Palisade Wall |
| 20:00 | Create | Villager (Male) |
| 20:01 | Create | Villager (Male) |
| 20:07 | Create | Villager (Male) |
| 21:00 | Research | Imperial Age |
| 21:01 | Research | Imperial Age |
| 21:40 | Create | Villager (Male) |
| 21:41 | Create | Karambit Warrior |
| 21:41 | Create | Karambit Warrior |
| 21:50 | Build | Farm |
| 21:58 | Create | Karambit Warrior |
| 21:58 | Create | Karambit Warrior |
| 22:09 | Build | Mining Camp |
| 22:19 | Build | Siege Workshop |
| 22:21 | Create | Villager (Male) |
| 22:53 | Build | Stone Wall |
| 22:54 | Age | Imperial Age |
| 22:55 | Build | Stone Wall |
| 22:56 | Build | Stone Wall |
| 23:14 | Create | Trebuchet (Packed) |
| 23:15 | Create | Karambit Warrior |
| 23:26 | Create | Mangonel |
| 23:26 | Create | Mangonel |
| 23:39 | Build | Stone Wall |
| 23:42 | Build | Stone Wall |
| 23:43 | Build | Stone Wall |
| 23:49 | Build | Stone Wall |
| 23:50 | Build | Stone Wall |
| 23:50 | Build | Stone Wall |
| 23:57 | Build | Stone Wall |
| 23:59 | Create | Villager (Male) |
| 24:12 | Create | Villager (Male) |
| 24:12 | Create | Villager (Male) |
| 24:14 | Create | Trebuchet (Packed) |
| 24:37 | Create | Trebuchet (Packed) |
| 24:39 | Create | Villager (Male) |
| 24:46 | Build | University |
| 25:00 | Create | Trebuchet (Packed) |
| 25:19 | Build | Stone Wall |
| 25:22 | Build | Stone Wall |
| 25:22 | Build | Stone Wall |
| 25:28 | Build | Stone Wall |
| 25:31 | Create | Villager (Male) |
| 25:39 | Build | Stone Wall |
| 25:42 | Build | Stone Wall |
| 25:43 | Build | Stone Wall |
| 26:00 | Create | Karambit Warrior |
| 26:00 | Create | Karambit Warrior |
| 26:00 | Create | Karambit Warrior |
| 26:01 | Create | Villager (Male) |
Build order — KnightLifeAoC
First 150 of 278 actions detected
| 0:01 | Create | Villager (Male) |
| 0:02 | Create | Villager (Male) |
| 0:02 | Create | Villager (Male) |
| 0:03 | Build | House |
| 0:04 | Build | House |
| 0:16 | Create | Villager (Male) |
| 0:16 | Create | Villager (Male) |
| 1:27 | Create | Villager (Male) |
| 1:27 | Create | Villager (Male) |
| 1:57 | Create | Villager (Male) |
| 2:15 | Build | Lumber Camp |
| 2:23 | Create | Villager (Male) |
| 2:23 | Create | Villager (Male) |
| 2:54 | Create | Villager (Male) |
| 2:55 | Create | Villager (Male) |
| 2:55 | Create | Villager (Male) |
| 3:01 | Research | Double-Bit Axe |
| 3:20 | Create | Villager (Male) |
| 3:20 | Create | Villager (Male) |
| 3:39 | Create | Villager (Male) |
| 3:39 | Create | Villager (Male) |
| 3:56 | Create | Villager (Male) |
| 4:15 | Build | House |
| 4:28 | Create | Villager (Male) |
| 4:43 | Build | House |
| 4:53 | Create | Villager (Male) |
| 4:54 | Create | Villager (Male) |
| 5:16 | Build | House |
| 5:16 | Build | House |
| 5:18 | Create | Villager (Male) |
| 5:33 | Build | Mill |
| 5:47 | Create | Villager (Male) |
| 5:47 | Create | Villager (Male) |
| 5:48 | Create | Villager (Male) |
| 5:50 | Build | House |
| 5:51 | Build | House |
| 6:30 | Create | Villager (Male) |
| 6:59 | Create | Villager (Male) |
| 7:01 | Build | Farm |
| 7:03 | Build | Farm |
| 7:06 | Create | Villager (Male) |
| 7:09 | Build | Farm |
| 7:34 | Create | Villager (Male) |
| 7:39 | Build | Farm |
| 8:09 | Create | Villager (Male) |
| 8:25 | Build | Mining Camp |
| 8:44 | Create | Villager (Male) |
| 9:14 | Research | Feudal Age |
| 9:14 | Research | Feudal Age |
| 10:22 | Build | Barracks |
| 10:35 | Create | Villager (Male) |
| 10:35 | Create | Villager (Male) |
| 11:24 | Age | Feudal Age |
| 11:30 | Build | Stable |
| 11:37 | Build | Blacksmith |
| 12:17 | Research | Castle Age |
| 12:17 | Research | Castle Age |
| 12:43 | Research | Bow Saw |
| 12:57 | Research | Horse Collar |
| 12:57 | Research | Horse Collar |
| 13:01 | Create | Scout Cavalry |
| 13:28 | Create | Scout Cavalry |
| 13:32 | Build | Lumber Camp |
| 13:46 | Create | Scout Cavalry |
| 14:08 | Create | Scout Cavalry |
| 14:29 | Build | Farm |
| 14:34 | Build | Farm |
| 14:38 | Build | Farm |
| 14:41 | Create | Villager (Male) |
| 14:41 | Create | Villager (Male) |
| 14:57 | Age | Castle Age |
| 15:03 | Create | Scout Cavalry |
| 15:04 | Research | Husbandry |
| 15:24 | Build | Monastery |
| 15:35 | Create | Villager (Male) |
| 15:42 | Create | Scout Cavalry |
| 16:00 | Create | Monk |
| 16:00 | Create | Monk |
| 16:04 | Build | Farm |
| 16:05 | Build | Farm |
| 16:07 | Build | Farm |
| 16:09 | Build | Farm |
| 16:10 | Create | Villager (Male) |
| 16:20 | Create | Villager (Male) |
| 16:36 | Build | Farm |
| 16:37 | Build | Farm |
| 16:39 | Create | Villager (Male) |
| 16:46 | Build | Farm |
| 17:06 | Create | Monk |
| 17:07 | Create | Villager (Male) |
| 17:19 | Build | Town Center |
| 17:32 | Build | Farm |
| 17:34 | Create | Villager (Male) |
| 17:38 | Build | House |
| 17:39 | Build | House |
| 17:47 | Research | Wheelbarrow |
| 18:02 | Create | Monk |
| 18:04 | Create | Villager (Male) |
| 18:21 | Build | House |
| 18:21 | Build | House |
| 18:45 | Create | Villager (Male) |
| 18:55 | Build | Town Center |
| 19:02 | Create | Villager (Male) |
| 19:03 | Create | Villager (Male) |
| 19:03 | Create | Villager (Male) |
| 19:11 | Create | Monk |
| 19:27 | Create | Villager (Male) |
| 19:28 | Create | Villager (Male) |
| 19:30 | Build | Farm |
| 19:33 | Build | Farm |
| 19:35 | Build | Farm |
| 19:41 | Build | House |
| 19:41 | Build | House |
| 19:42 | Build | House |
| 19:57 | Build | Farm |
| 20:14 | Create | Monk |
| 20:33 | Create | Villager (Male) |
| 20:33 | Create | Villager (Male) |
| 20:34 | Create | Villager (Male) |
| 20:36 | Build | Farm |
| 20:39 | Build | Farm |
| 20:41 | Build | Farm |
| 20:43 | Research | Heavy Plow |
| 20:43 | Research | Heavy Plow |
| 20:45 | Create | Villager (Male) |
| 20:45 | Create | Villager (Male) |
| 20:45 | Create | Villager (Male) |
| 21:03 | Create | Villager (Male) |
| 21:03 | Create | Villager (Male) |
| 21:23 | Create | Villager (Male) |
| 21:23 | Create | Villager (Male) |
| 21:25 | Build | House |
| 21:26 | Build | House |
| 21:26 | Build | House |
| 21:43 | Research | Light Cavalry (upgrade) |
| 21:43 | Create | Villager (Male) |
| 21:44 | Create | Villager (Male) |
| 21:57 | Create | Villager (Male) |
| 21:57 | Create | Villager (Male) |
| 22:01 | Build | Farm |
| 22:06 | Build | Farm |
| 22:08 | Build | Farm |
| 22:11 | Build | Farm |
| 22:15 | Build | University |
| 22:18 | Create | Villager (Male) |
| 22:18 | Create | Villager (Male) |
| 22:32 | Create | Monk |
| 22:46 | Create | Villager (Male) |
| 22:46 | Create | Villager (Male) |
| 22:53 | Build | Farm |
Build order — Rex Caedis
First 150 of 313 actions detected
| 0:00 | Create | Villager (Male) |
| 0:01 | Create | Villager (Male) |
| 0:02 | Build | House |
| 0:03 | Build | House |
| 0:06 | Create | Villager (Male) |
| 0:06 | Create | Villager (Male) |
| 1:10 | Create | Villager (Male) |
| 1:34 | Create | Villager (Male) |
| 1:50 | Create | Villager (Male) |
| 2:35 | Build | Settlement |
| 2:36 | Create | Villager (Male) |
| 2:36 | Create | Villager (Male) |
| 3:04 | Build | Palisade Gate |
| 3:06 | Build | Palisade Wall |
| 3:07 | Create | Villager (Male) |
| 3:08 | Create | Villager (Male) |
| 3:17 | Build | Palisade Wall |
| 3:17 | Create | Villager (Male) |
| 3:24 | Build | Palisade Wall |
| 3:32 | Build | Palisade Wall |
| 3:33 | Build | Palisade Wall |
| 3:35 | Build | Palisade Wall |
| 3:38 | Create | Villager (Male) |
| 3:54 | Create | Villager (Male) |
| 4:19 | Create | Villager (Male) |
| 4:19 | Create | Villager (Male) |
| 4:42 | Create | Villager (Male) |
| 6:02 | Create | Villager (Male) |
| 6:09 | Build | House |
| 6:23 | Create | Villager (Male) |
| 6:43 | Create | Villager (Male) |
| 6:49 | Build | Settlement |
| 6:55 | Create | Villager (Male) |
| 7:22 | Create | Villager (Male) |
| 7:31 | Create | Villager (Male) |
| 7:51 | Create | Villager (Male) |
| 8:42 | Research | Feudal Age |
| 8:47 | Build | Farm |
| 8:50 | Build | Farm |
| 9:20 | Build | Farm |
| 9:46 | Create | Villager (Male) |
| 9:46 | Create | Villager (Male) |
| 10:56 | Age | Feudal Age |
| 10:57 | Build | Market |
| 10:59 | Build | Blacksmith |
| 11:42 | Research | Castle Age |
| 11:42 | Research | Castle Age |
| 11:57 | Research | Double-Bit Axe |
| 12:00 | Research | Horse Collar |
| 13:09 | Create | Villager (Male) |
| 13:09 | Create | Villager (Male) |
| 13:12 | Build | House |
| 13:26 | Build | Farm |
| 13:27 | Build | Farm |
| 13:30 | Build | Farm |
| 13:33 | Build | Farm |
| 13:55 | Create | Villager (Male) |
| 13:55 | Create | Villager (Male) |
| 14:26 | Age | Castle Age |
| 14:27 | Build | Town Center |
| 14:30 | Research | Bow Saw |
| 14:33 | Research | Heavy Plow |
| 14:54 | Build | Monastery |
| 14:58 | Create | Villager (Male) |
| 15:23 | Build | House |
| 15:28 | Build | Farm |
| 15:31 | Create | Villager (Male) |
| 15:46 | Create | Villager (Male) |
| 15:50 | Build | Farm |
| 15:51 | Build | Farm |
| 15:52 | Build | Farm |
| 15:53 | Build | Farm |
| 15:59 | Create | Villager (Male) |
| 16:02 | Create | Villager (Male) |
| 16:12 | Build | House |
| 16:12 | Create | Villager (Male) |
| 16:13 | Create | Villager (Male) |
| 16:33 | Create | Villager (Male) |
| 16:36 | Build | Town Center |
| 16:40 | Build | House |
| 16:41 | Create | Villager (Male) |
| 16:53 | Create | Villager (Male) |
| 17:02 | Build | Farm |
| 17:11 | Research | Wheelbarrow |
| 17:14 | Create | Villager (Male) |
| 17:31 | Create | Villager (Male) |
| 17:31 | Create | Villager (Male) |
| 17:51 | Create | Monk |
| 17:54 | Create | Villager (Male) |
| 18:00 | Create | Villager (Male) |
| 18:00 | Create | Villager (Male) |
| 18:03 | Build | Farm |
| 18:04 | Build | Farm |
| 18:06 | Build | Farm |
| 18:07 | Build | Farm |
| 18:08 | Create | Villager (Male) |
| 18:16 | Build | Farm |
| 18:17 | Build | Farm |
| 18:18 | Build | Farm |
| 18:23 | Build | Farm |
| 18:23 | Create | Villager (Male) |
| 18:38 | Build | Farm |
| 18:43 | Create | Villager (Male) |
| 18:50 | Build | House |
| 18:54 | Create | Villager (Male) |
| 18:56 | Create | Villager (Male) |
| 19:07 | Create | Villager (Male) |
| 19:15 | Create | Villager (Male) |
| 19:26 | Build | Barracks |
| 19:27 | Create | Villager (Male) |
| 19:30 | Create | Monk |
| 19:36 | Create | Villager (Male) |
| 19:39 | Create | Villager (Male) |
| 19:48 | Create | Villager (Male) |
| 19:54 | Create | Villager (Male) |
| 20:02 | Create | Villager (Male) |
| 20:07 | Create | Villager (Male) |
| 20:09 | Build | Town Center |
| 20:12 | Create | Villager (Male) |
| 20:15 | Create | Spearman |
| 20:31 | Create | Villager (Male) |
| 20:36 | Create | Monk |
| 20:40 | Create | Villager (Male) |
| 20:44 | Research | Gold Mining |
| 20:45 | Create | Villager (Male) |
| 20:52 | Build | House |
| 20:53 | Build | House |
| 20:53 | Create | Villager (Male) |
| 20:58 | Create | Villager (Male) |
| 21:08 | Create | Villager (Male) |
| 21:12 | Create | Villager (Male) |
| 21:18 | Create | Spearman |
| 21:19 | Create | Villager (Male) |
| 21:26 | Create | Villager (Male) |
| 21:26 | Create | Villager (Male) |
| 21:32 | Build | House |
| 21:33 | Build | House |
| 21:39 | Create | Unit 2582 |
| 21:40 | Create | Villager (Male) |
| 21:42 | Create | Villager (Male) |
| 21:49 | Create | Villager (Male) |
| 21:55 | Create | Villager (Male) |
| 21:59 | Build | House |
| 22:00 | Create | Villager (Male) |
| 22:11 | Create | Villager (Male) |
| 22:11 | Create | Villager (Male) |
| 22:13 | Build | Farm |
| 22:13 | Build | Farm |
| 22:14 | Build | Farm |
| 22:14 | Build | Farm |
Build order — Obuk
First 150 of 355 actions detected
| 0:01 | Create | Villager (Male) |
| 0:01 | Create | Villager (Male) |
| 0:01 | Create | Villager (Male) |
| 0:03 | Build | House |
| 0:04 | Build | House |
| 0:16 | Create | Villager (Male) |
| 0:16 | Create | Villager (Male) |
| 1:23 | Create | Villager (Male) |
| 1:24 | Create | Villager (Male) |
| 1:54 | Build | Lumber Camp |
| 1:55 | Create | Villager (Male) |
| 1:55 | Create | Villager (Male) |
| 2:30 | Create | Villager (Male) |
| 2:31 | Create | Villager (Male) |
| 2:51 | Create | Villager (Male) |
| 2:51 | Create | Villager (Male) |
| 2:51 | Create | Villager (Male) |
| 3:29 | Create | Villager (Male) |
| 3:30 | Create | Villager (Male) |
| 3:53 | Build | House |
| 4:00 | Create | Villager (Male) |
| 4:00 | Create | Villager (Male) |
| 4:23 | Build | Mill |
| 4:28 | Create | Villager (Male) |
| 4:28 | Create | Villager (Male) |
| 4:54 | Create | Villager (Male) |
| 4:55 | Create | Villager (Male) |
| 4:56 | Create | Villager (Male) |
| 4:56 | Create | Villager (Male) |
| 5:32 | Create | Villager (Male) |
| 5:56 | Create | Villager (Male) |
| 6:01 | Build | House |
| 6:25 | Create | Villager (Male) |
| 7:04 | Create | Villager (Male) |
| 7:11 | Build | Farm |
| 7:15 | Build | Farm |
| 7:31 | Research | Feudal Age |
| 7:45 | Build | House |
| 9:38 | Create | Villager (Male) |
| 9:39 | Create | Villager (Male) |
| 9:41 | Age | Feudal Age |
| 9:44 | Build | Market |
| 9:48 | Build | Blacksmith |
| 10:37 | Research | Castle Age |
| 10:37 | Research | Castle Age |
| 10:46 | Research | Horse Collar |
| 11:31 | Research | Double-Bit Axe |
| 12:25 | Create | Villager (Male) |
| 13:17 | Age | Castle Age |
| 13:19 | Build | Town Center |
| 13:21 | Create | Villager (Male) |
| 13:29 | Build | Town Center |
| 13:32 | Research | Heavy Plow |
| 13:45 | Create | Villager (Male) |
| 13:48 | Build | Farm |
| 13:55 | Build | Farm |
| 14:06 | Build | Farm |
| 14:11 | Create | Villager (Male) |
| 14:16 | Build | House |
| 14:36 | Build | Farm |
| 14:40 | Create | Villager (Male) |
| 14:42 | Create | Villager (Male) |
| 14:47 | Build | Farm |
| 14:55 | Create | Villager (Male) |
| 14:56 | Create | Villager (Male) |
| 15:02 | Create | Villager (Male) |
| 15:07 | Build | Farm |
| 15:10 | Build | Farm |
| 15:17 | Create | Villager (Male) |
| 15:21 | Build | Farm |
| 15:28 | Build | Farm |
| 15:31 | Create | Villager (Male) |
| 15:39 | Create | Villager (Male) |
| 15:48 | Create | Villager (Male) |
| 15:54 | Create | Villager (Male) |
| 16:07 | Create | Villager (Male) |
| 16:09 | Build | Farm |
| 16:12 | Build | Farm |
| 16:14 | Build | Farm |
| 16:18 | Create | Villager (Male) |
| 16:27 | Build | House |
| 16:31 | Create | Villager (Male) |
| 16:38 | Research | Loom |
| 16:39 | Research | Loom |
| 16:39 | Create | Villager (Male) |
| 16:39 | Create | Villager (Male) |
| 16:49 | Build | Farm |
| 16:50 | Build | Farm |
| 16:54 | Build | Farm |
| 16:56 | Build | Farm |
| 16:58 | Create | Villager (Male) |
| 17:06 | Build | House |
| 17:06 | Build | House |
| 17:12 | Create | Villager (Male) |
| 17:13 | Create | Villager (Male) |
| 17:18 | Create | Villager (Male) |
| 17:24 | Build | Farm |
| 17:31 | Create | Villager (Male) |
| 17:41 | Build | Outpost |
| 17:43 | Research | Town Watch |
| 17:43 | Research | Town Watch |
| 17:50 | Build | Barracks |
| 17:53 | Create | Villager (Male) |
| 17:57 | Research | Bow Saw |
| 17:57 | Research | Bow Saw |
| 18:09 | Build | House |
| 18:12 | Build | House |
| 18:13 | Build | House |
| 18:15 | Create | Villager (Male) |
| 18:19 | Create | Villager (Male) |
| 18:31 | Build | Lumber Camp |
| 18:37 | Create | Villager (Male) |
| 18:39 | Create | Villager (Male) |
| 18:43 | Create | Militia |
| 18:58 | Create | Militia |
| 19:06 | Build | Palisade Wall |
| 19:08 | Build | Palisade Wall |
| 19:10 | Build | Palisade Wall |
| 19:16 | Research | Man-at-Arms (upgrade) |
| 19:16 | Research | Man-at-Arms (upgrade) |
| 19:28 | Create | Militia |
| 19:29 | Create | Villager (Male) |
| 19:30 | Create | Villager (Male) |
| 19:34 | Build | Siege Workshop |
| 19:40 | Build | Barracks |
| 19:40 | Create | Villager (Male) |
| 19:58 | Create | Militia |
| 20:13 | Create | Battering Ram |
| 20:17 | Build | Barracks |
| 20:18 | Research | Scale Mail Armor |
| 20:19 | Research | Scale Mail Armor |
| 20:19 | Create | Villager (Male) |
| 20:19 | Create | Villager (Male) |
| 20:20 | Create | Militia |
| 20:35 | Build | House |
| 20:48 | Create | Battering Ram |
| 20:49 | Build | House |
| 20:52 | Build | Palisade Wall |
| 20:59 | Create | Militia |
| 20:59 | Create | Militia |
| 20:59 | Create | Militia |
| 20:59 | Create | Militia |
| 21:05 | Create | Villager (Male) |
| 21:05 | Create | Villager (Male) |
| 21:07 | Build | Farm |
| 21:08 | Build | Farm |
| 21:10 | Create | Villager (Male) |
| 21:11 | Create | Villager (Male) |
| 21:17 | Create | Battering Ram |
| 21:19 | Create | Militia |
Build order — Halvtand
First 150 of 265 actions detected
| 0:01 | Create | Villager (Male) |
| 0:01 | Create | Villager (Male) |
| 0:02 | Create | Villager (Male) |
| 0:02 | Create | Villager (Male) |
| 0:02 | Create | Villager (Male) |
| 0:04 | Build | House |
| 0:07 | Build | House |
| 1:31 | Create | Villager (Male) |
| 1:31 | Create | Villager (Male) |
| 1:46 | Build | Lumber Camp |
| 2:04 | Create | Villager (Male) |
| 2:05 | Create | Villager (Male) |
| 2:34 | Create | Villager (Male) |
| 2:34 | Create | Villager (Male) |
| 2:41 | Create | Villager (Male) |
| 2:41 | Create | Villager (Male) |
| 3:13 | Create | Villager (Male) |
| 3:13 | Create | Villager (Male) |
| 3:39 | Build | House |
| 3:42 | Create | Villager (Male) |
| 4:17 | Create | Villager (Male) |
| 4:17 | Create | Villager (Male) |
| 4:17 | Create | Villager (Male) |
| 5:10 | Create | Villager (Male) |
| 5:10 | Create | Villager (Male) |
| 5:10 | Create | Villager (Male) |
| 6:05 | Create | Villager (Male) |
| 6:05 | Create | Villager (Male) |
| 6:11 | Build | House |
| 6:27 | Create | Villager (Male) |
| 6:27 | Create | Villager (Male) |
| 6:27 | Create | Villager (Male) |
| 7:10 | Build | Mill |
| 7:44 | Create | Villager (Male) |
| 8:19 | Create | Villager (Male) |
| 8:19 | Create | Villager (Male) |
| 8:42 | Create | Villager (Male) |
| 9:23 | Build | Farm |
| 9:25 | Build | Farm |
| 9:29 | Build | Farm |
| 9:32 | Build | Farm |
| 9:38 | Build | Mining Camp |
| 9:43 | Research | Feudal Age |
| 11:21 | Create | Villager (Male) |
| 11:21 | Create | Villager (Male) |
| 12:00 | Age | Feudal Age |
| 12:01 | Build | Blacksmith |
| 12:05 | Build | Market |
| 12:19 | Research | Double-Bit Axe |
| 12:46 | Research | Castle Age |
| 12:55 | Research | Horse Collar |
| 13:02 | Build | Farm |
| 13:04 | Build | Farm |
| 13:05 | Build | Farm |
| 13:32 | Build | House |
| 13:49 | Create | Villager (Male) |
| 14:58 | Create | Villager (Male) |
| 15:30 | Age | Castle Age |
| 15:32 | Build | Town Center |
| 15:35 | Build | Town Center |
| 15:39 | Create | Villager (Male) |
| 15:57 | Create | Villager (Male) |
| 16:00 | Research | Bow Saw |
| 16:03 | Research | Heavy Plow |
| 16:16 | Research | Wheelbarrow |
| 16:21 | Create | Villager (Male) |
| 16:42 | Build | Farm |
| 16:42 | Build | Farm |
| 16:42 | Build | Farm |
| 16:43 | Build | Farm |
| 16:56 | Create | Villager (Male) |
| 16:57 | Create | Villager (Male) |
| 16:57 | Create | Villager (Male) |
| 16:57 | Create | Villager (Male) |
| 16:57 | Create | Villager (Male) |
| 17:06 | Build | Farm |
| 17:12 | Build | Farm |
| 17:16 | Create | Villager (Male) |
| 17:17 | Create | Villager (Male) |
| 17:21 | Build | Farm |
| 17:24 | Build | Farm |
| 17:30 | Create | Villager (Male) |
| 17:43 | Build | Farm |
| 17:44 | Create | Villager (Male) |
| 17:49 | Build | Farm |
| 17:50 | Create | Villager (Male) |
| 17:50 | Create | Villager (Male) |
| 18:07 | Build | Farm |
| 18:11 | Create | Villager (Male) |
| 18:12 | Create | Villager (Male) |
| 18:12 | Create | Villager (Male) |
| 18:15 | Build | Farm |
| 18:15 | Build | Farm |
| 18:17 | Create | Villager (Male) |
| 18:25 | Build | Farm |
| 18:34 | Build | Farm |
| 18:35 | Create | Villager (Male) |
| 18:35 | Create | Villager (Male) |
| 18:35 | Create | Villager (Male) |
| 18:38 | Create | Villager (Male) |
| 18:43 | Create | Villager (Male) |
| 18:43 | Create | Villager (Male) |
| 18:47 | Build | Farm |
| 18:50 | Build | Farm |
| 18:51 | Create | Villager (Male) |
| 18:57 | Build | House |
| 18:59 | Build | House |
| 19:01 | Create | Villager (Male) |
| 19:01 | Create | Villager (Male) |
| 19:06 | Build | House |
| 19:12 | Create | Villager (Male) |
| 19:18 | Research | Gold Mining |
| 19:23 | Build | Farm |
| 19:28 | Create | Villager (Male) |
| 19:30 | Create | Villager (Male) |
| 19:39 | Build | Farm |
| 19:40 | Create | Villager (Male) |
| 19:44 | Build | Farm |
| 19:45 | Create | Villager (Male) |
| 19:47 | Build | House |
| 19:48 | Build | House |
| 19:49 | Build | House |
| 19:51 | Create | Villager (Male) |
| 19:52 | Create | Villager (Male) |
| 19:58 | Build | Farm |
| 20:04 | Build | Farm |
| 20:10 | Build | Farm |
| 20:11 | Create | Villager (Male) |
| 20:13 | Create | Villager (Male) |
| 20:14 | Create | Villager (Male) |
| 20:23 | Build | Lumber Camp |
| 20:24 | Create | Villager (Male) |
| 20:26 | Create | Villager (Male) |
| 20:37 | Create | Villager (Male) |
| 20:42 | Create | Villager (Male) |
| 20:44 | Create | Villager (Male) |
| 20:45 | Create | Villager (Male) |
| 20:49 | Build | Farm |
| 20:52 | Build | Farm |
| 20:53 | Build | Farm |
| 20:54 | Create | Villager (Male) |
| 20:58 | Create | Villager (Male) |
| 21:00 | Create | Villager (Male) |
| 21:13 | Create | Villager (Male) |
| 21:16 | Build | House |
| 21:28 | Create | Villager (Male) |
| 21:35 | Build | Farm |
| 21:39 | Build | Farm |
| 21:40 | Create | Villager (Male) |
| 21:44 | Build | Farm |
Build order — 菜就多练
First 150 of 467 actions detected
| 0:01 | Create | Villager (Male) |
| 0:02 | Build | House |
| 0:04 | Build | House |
| 0:11 | Create | Villager (Male) |
| 0:12 | Create | Villager (Male) |
| 0:12 | Create | Villager (Male) |
| 0:12 | Create | Villager (Male) |
| 1:24 | Create | Villager (Male) |
| 1:48 | Create | Villager (Male) |
| 1:48 | Create | Villager (Male) |
| 2:02 | Build | Lumber Camp |
| 2:23 | Create | Villager (Male) |
| 2:47 | Create | Villager (Male) |
| 2:47 | Create | Villager (Male) |
| 3:06 | Create | Villager (Male) |
| 3:06 | Create | Villager (Male) |
| 3:27 | Build | House |
| 3:30 | Create | Villager (Male) |
| 3:44 | Create | Villager (Male) |
| 4:18 | Create | Villager (Male) |
| 4:35 | Create | Villager (Male) |
| 4:35 | Create | Villager (Male) |
| 4:56 | Build | House |
| 4:58 | Build | House |
| 5:06 | Create | Villager (Male) |
| 5:06 | Create | Villager (Male) |
| 5:25 | Create | Villager (Male) |
| 5:25 | Create | Villager (Male) |
| 5:35 | Build | Mill |
| 6:09 | Build | Mill |
| 6:21 | Create | Villager (Male) |
| 6:22 | Create | Villager (Male) |
| 6:22 | Create | Villager (Male) |
| 6:22 | Create | Villager (Male) |
| 7:04 | Create | Villager (Male) |
| 7:25 | Build | Mining Camp |
| 7:35 | Create | Villager (Male) |
| 8:00 | Build | Farm |
| 8:37 | Research | Feudal Age |
| 8:49 | Build | Farm |
| 9:37 | Create | Villager (Male) |
| 9:37 | Create | Villager (Male) |
| 10:56 | Age | Feudal Age |
| 10:59 | Build | Market |
| 11:16 | Build | Blacksmith |
| 11:40 | Create | Villager (Male) |
| 11:49 | Build | Lumber Camp |
| 11:55 | Build | House |
| 11:57 | Research | Castle Age |
| 11:57 | Research | Castle Age |
| 11:57 | Research | Castle Age |
| 12:20 | Research | Double-Bit Axe |
| 12:20 | Research | Double-Bit Axe |
| 13:01 | Research | Horse Collar |
| 13:02 | Research | Horse Collar |
| 13:31 | Build | Farm |
| 13:33 | Build | Farm |
| 13:37 | Build | Farm |
| 13:48 | Build | Farm |
| 13:51 | Build | Farm |
| 14:04 | Create | Villager (Male) |
| 14:24 | Create | Villager (Male) |
| 14:51 | Age | Castle Age |
| 14:53 | Create | Villager (Male) |
| 15:00 | Build | Town Center |
| 15:03 | Build | Town Center |
| 15:17 | Create | Villager (Male) |
| 15:44 | Build | Town Center |
| 15:52 | Create | Villager (Male) |
| 15:57 | Create | Villager (Male) |
| 16:00 | Build | Farm |
| 16:01 | Create | Villager (Male) |
| 16:07 | Create | Villager (Male) |
| 16:16 | Create | Villager (Male) |
| 16:17 | Build | Farm |
| 16:21 | Create | Villager (Male) |
| 16:25 | Build | Farm |
| 16:29 | Build | Farm |
| 16:31 | Create | Villager (Male) |
| 16:37 | Create | Villager (Male) |
| 16:46 | Create | Villager (Male) |
| 16:48 | Build | Farm |
| 16:50 | Build | Farm |
| 16:52 | Create | Villager (Male) |
| 17:00 | Create | Villager (Male) |
| 17:03 | Create | Villager (Male) |
| 17:06 | Build | Farm |
| 17:13 | Build | Farm |
| 17:14 | Create | Villager (Male) |
| 17:18 | Create | Villager (Male) |
| 17:18 | Create | Villager (Male) |
| 17:24 | Build | House |
| 17:28 | Create | Villager (Male) |
| 17:31 | Build | House |
| 17:38 | Create | Villager (Male) |
| 17:42 | Build | Farm |
| 17:45 | Build | Farm |
| 17:46 | Create | Villager (Male) |
| 17:46 | Create | Villager (Male) |
| 17:52 | Build | Farm |
| 17:53 | Create | Villager (Male) |
| 17:53 | Create | Villager (Male) |
| 18:02 | Build | Farm |
| 18:02 | Create | Villager (Male) |
| 18:10 | Build | House |
| 18:21 | Create | Villager (Male) |
| 18:23 | Build | Farm |
| 18:24 | Create | Villager (Male) |
| 18:24 | Create | Villager (Male) |
| 18:28 | Build | Farm |
| 18:33 | Build | Farm |
| 18:34 | Create | Villager (Male) |
| 18:35 | Create | Villager (Male) |
| 18:39 | Build | House |
| 18:41 | Create | Villager (Male) |
| 18:41 | Create | Villager (Male) |
| 18:45 | Build | Farm |
| 18:50 | Create | Villager (Male) |
| 18:51 | Create | Villager (Male) |
| 18:54 | Build | Farm |
| 19:00 | Create | Villager (Male) |
| 19:00 | Create | Villager (Male) |
| 19:02 | Build | Farm |
| 19:04 | Create | Villager (Male) |
| 19:04 | Create | Villager (Male) |
| 19:12 | Create | Villager (Male) |
| 19:12 | Create | Villager (Male) |
| 19:16 | Build | Farm |
| 19:18 | Build | Farm |
| 19:19 | Create | Villager (Male) |
| 19:19 | Create | Villager (Male) |
| 19:24 | Create | Villager (Male) |
| 19:25 | Create | Villager (Male) |
| 19:28 | Build | Farm |
| 19:34 | Create | Villager (Male) |
| 19:34 | Create | Villager (Male) |
| 19:41 | Build | Farm |
| 19:42 | Build | Farm |
| 19:43 | Create | Villager (Male) |
| 19:43 | Create | Villager (Male) |
| 19:45 | Build | House |
| 19:50 | Create | Villager (Male) |
| 19:51 | Create | Villager (Male) |
| 19:51 | Create | Villager (Male) |
| 19:58 | Create | Villager (Male) |
| 19:58 | Create | Villager (Male) |
| 20:01 | Build | House |
| 20:15 | Create | Villager (Male) |
| 20:17 | Create | Villager (Male) |
| 20:17 | Create | Villager (Male) |
Build order — Go-Toba
First 150 of 278 actions detected
| 0:01 | Create | Villager (Male) |
| 0:01 | Create | Villager (Male) |
| 0:02 | Build | House |
| 0:02 | Build | House |
| 0:04 | Create | Villager (Male) |
| 0:04 | Create | Villager (Male) |
| 0:15 | Create | Villager (Male) |
| 0:15 | Create | Villager (Male) |
| 1:08 | Create | Villager (Male) |
| 1:41 | Create | Villager (Male) |
| 1:42 | Create | Villager (Male) |
| 2:12 | Build | Lumber Camp |
| 2:19 | Create | Villager (Male) |
| 2:19 | Create | Villager (Male) |
| 2:33 | Create | Villager (Male) |
| 2:33 | Create | Villager (Male) |
| 2:53 | Create | Villager (Male) |
| 3:16 | Build | House |
| 3:19 | Create | Villager (Male) |
| 3:47 | Create | Villager (Male) |
| 4:08 | Build | Mill |
| 4:27 | Create | Villager (Male) |
| 4:28 | Create | Villager (Male) |
| 4:28 | Create | Villager (Male) |
| 4:44 | Create | Villager (Male) |
| 4:45 | Create | Villager (Male) |
| 5:36 | Build | House |
| 5:37 | Build | House |
| 5:45 | Create | Villager (Male) |
| 5:46 | Create | Villager (Male) |
| 6:10 | Build | Farm |
| 6:17 | Create | Villager (Male) |
| 6:37 | Create | Villager (Male) |
| 6:49 | Build | Mining Camp |
| 7:15 | Create | Villager (Male) |
| 7:17 | Build | Farm |
| 7:44 | Create | Villager (Male) |
| 8:08 | Build | Farm |
| 8:19 | Create | Villager (Male) |
| 8:31 | Research | Feudal Age |
| 9:25 | Create | Villager (Male) |
| 9:25 | Create | Villager (Male) |
| 10:49 | Age | Feudal Age |
| 10:50 | Build | Market |
| 10:52 | Build | Blacksmith |
| 11:37 | Research | Castle Age |
| 11:40 | Research | Double-Bit Axe |
| 11:40 | Research | Double-Bit Axe |
| 11:58 | Research | Horse Collar |
| 11:58 | Research | Horse Collar |
| 12:02 | Build | Farm |
| 12:09 | Build | Farm |
| 12:31 | Create | Villager (Male) |
| 13:06 | Build | House |
| 14:02 | Age | Castle Age |
| 14:06 | Build | Town Center |
| 14:11 | Research | Bow Saw |
| 14:11 | Research | Heavy Plow |
| 14:13 | Create | Villager (Male) |
| 14:18 | Research | Heavy Plow |
| 14:18 | Research | Heavy Plow |
| 14:33 | Build | Farm |
| 14:38 | Build | Farm |
| 14:43 | Create | Villager (Male) |
| 15:00 | Create | Villager (Male) |
| 15:17 | Build | Farm |
| 15:22 | Create | Villager (Male) |
| 15:23 | Create | Villager (Male) |
| 15:25 | Create | Villager (Male) |
| 15:28 | Build | Farm |
| 15:29 | Build | Farm |
| 15:30 | Build | Farm |
| 15:38 | Create | Villager (Male) |
| 15:43 | Build | Farm |
| 15:55 | Build | Farm |
| 15:57 | Create | Villager (Male) |
| 16:14 | Build | House |
| 16:19 | Build | Stone Wall |
| 16:21 | Research | Loom |
| 16:22 | Research | Wheelbarrow |
| 16:23 | Create | Villager (Male) |
| 16:30 | Build | Stone Wall |
| 16:36 | Create | Villager (Male) |
| 16:39 | Build | Siege Workshop |
| 16:45 | Build | Mining Camp |
| 17:04 | Create | Villager (Male) |
| 17:10 | Build | Stone Wall |
| 17:12 | Build | Stone Wall |
| 17:23 | Create | Villager (Male) |
| 17:35 | Build | Stone Wall |
| 17:38 | Build | Stone Wall |
| 17:41 | Create | Villager (Male) |
| 17:47 | Create | Villager (Male) |
| 17:54 | Build | Stone Wall |
| 17:57 | Build | Stone Wall |
| 18:00 | Create | Villager (Male) |
| 18:04 | Build | Stone Wall |
| 18:16 | Build | Farm |
| 18:17 | Build | Farm |
| 18:22 | Build | Farm |
| 18:23 | Build | Farm |
| 18:29 | Build | Farm |
| 18:31 | Build | Farm |
| 18:38 | Create | Villager (Male) |
| 18:38 | Create | Villager (Male) |
| 18:40 | Build | Farm |
| 18:43 | Create | Villager (Male) |
| 18:43 | Build | House |
| 18:47 | Create | Mangonel |
| 18:55 | Build | House |
| 19:03 | Create | Villager (Male) |
| 19:10 | Build | Farm |
| 19:12 | Build | Farm |
| 19:15 | Build | Farm |
| 19:18 | Create | Villager (Male) |
| 19:19 | Build | House |
| 19:24 | Build | House |
| 19:29 | Create | Mangonel |
| 19:34 | Create | Villager (Male) |
| 19:41 | Build | House |
| 19:47 | Build | House |
| 19:48 | Create | Villager (Male) |
| 19:51 | Build | Lumber Camp |
| 20:14 | Build | House |
| 20:17 | Create | Villager (Male) |
| 20:22 | Build | Farm |
| 20:27 | Create | Villager (Male) |
| 20:34 | Build | Farm |
| 20:36 | Create | Mangonel |
| 20:40 | Create | Villager (Male) |
| 20:44 | Create | Villager (Male) |
| 20:46 | Build | Mining Camp |
| 21:00 | Create | Villager (Male) |
| 21:02 | Create | Scorpion |
| 21:08 | Build | Farm |
| 21:17 | Build | House |
| 21:18 | Build | House |
| 21:23 | Create | Villager (Male) |
| 21:31 | Create | Villager (Male) |
| 21:31 | Create | Villager (Male) |
| 21:36 | Create | Villager (Male) |
| 21:44 | Build | Monastery |
| 21:54 | Build | Farm |
| 22:02 | Create | Villager (Male) |
| 22:10 | Build | Stone Wall |
| 22:20 | Create | Villager (Male) |
| 22:20 | Create | Villager (Male) |
| 22:22 | Build | Farm |
| 22:28 | Create | Villager (Male) |
| 22:28 | Create | Villager (Male) |
Build order — Rumpel the Idle
First 150 of 195 actions detected
| 0:00 | Create | Villager (Male) |
| 0:01 | Create | Villager (Male) |
| 0:01 | Create | Villager (Male) |
| 0:01 | Create | Villager (Male) |
| 0:02 | Build | House |
| 0:04 | Build | House |
| 1:22 | Create | Villager (Male) |
| 1:46 | Build | Lumber Camp |
| 1:47 | Create | Villager (Male) |
| 2:19 | Create | Villager (Male) |
| 2:19 | Create | Villager (Male) |
| 2:49 | Create | Villager (Male) |
| 2:49 | Create | Villager (Male) |
| 2:49 | Create | Villager (Male) |
| 3:47 | Create | Villager (Male) |
| 3:47 | Create | Villager (Male) |
| 3:50 | Build | House |
| 3:55 | Create | Villager (Male) |
| 3:55 | Create | Villager (Male) |
| 4:29 | Create | Villager (Male) |
| 4:29 | Create | Villager (Male) |
| 4:46 | Build | House |
| 4:47 | Build | House |
| 4:51 | Create | Villager (Male) |
| 4:52 | Create | Villager (Male) |
| 5:10 | Create | Villager (Male) |
| 5:10 | Create | Villager (Male) |
| 5:27 | Create | Villager (Male) |
| 5:28 | Create | Villager (Male) |
| 5:57 | Create | Villager (Male) |
| 5:57 | Create | Villager (Male) |
| 5:57 | Create | Villager (Male) |
| 6:13 | Create | Villager (Male) |
| 6:14 | Create | Villager (Male) |
| 6:31 | Create | Villager (Male) |
| 6:49 | Build | Mill |
| 7:13 | Create | Villager (Male) |
| 7:49 | Create | Villager (Male) |
| 8:05 | Build | Mining Camp |
| 8:31 | Research | Feudal Age |
| 8:37 | Build | Farm |
| 8:40 | Build | Farm |
| 9:02 | Create | Villager (Male) |
| 9:02 | Create | Villager (Male) |
| 10:57 | Age | Feudal Age |
| 11:00 | Build | Market |
| 11:04 | Build | Blacksmith |
| 11:58 | Research | Castle Age |
| 12:19 | Research | Loom |
| 14:03 | Build | House |
| 14:38 | Age | Castle Age |
| 14:43 | Build | Castle |
| 14:59 | Build | House |
| 15:02 | Build | House |
| 15:05 | Build | Siege Workshop |
| 15:16 | Create | Villager (Male) |
| 15:16 | Create | Villager (Male) |
| 15:35 | Create | Villager (Male) |
| 15:46 | Build | Mining Camp |
| 16:04 | Create | Villager (Male) |
| 16:23 | Build | Mining Camp |
| 16:42 | Create | Unit 1968 |
| 16:42 | Create | Unit 1968 |
| 17:02 | Research | Double-Bit Axe |
| 17:04 | Create | Villager (Male) |
| 17:04 | Create | Villager (Male) |
| 17:31 | Build | House |
| 17:32 | Build | House |
| 18:02 | Create | Villager (Male) |
| 18:13 | Create | Mangonel |
| 18:37 | Create | Unit 1968 |
| 18:38 | Create | Unit 1968 |
| 18:43 | Create | Villager (Male) |
| 18:44 | Create | Villager (Male) |
| 19:07 | Research | Fletching |
| 19:18 | Build | Farm |
| 19:22 | Build | Farm |
| 19:25 | Build | Farm |
| 19:37 | Create | Unit 1968 |
| 19:56 | Create | Unit 1968 |
| 19:57 | Create | Unit 1968 |
| 20:17 | Create | Unit 1968 |
| 20:17 | Create | Unit 1968 |
| 20:29 | Create | Unit 1968 |
| 20:32 | Create | Villager (Male) |
| 20:32 | Create | Villager (Male) |
| 20:36 | Create | Unit 1968 |
| 20:45 | Build | House |
| 20:47 | Build | Farm |
| 20:50 | Build | Farm |
| 20:52 | Build | Farm |
| 20:53 | Create | Villager (Male) |
| 20:55 | Build | Farm |
| 20:57 | Build | Farm |
| 21:04 | Create | Villager (Male) |
| 21:23 | Create | Unit 1968 |
| 21:24 | Create | Unit 1968 |
| 21:36 | Create | Villager (Male) |
| 21:36 | Create | Villager (Male) |
| 21:37 | Create | Villager (Male) |
| 22:13 | Research | Bodkin Arrow |
| 22:17 | Create | Unit 1968 |
| 22:18 | Create | Unit 1968 |
| 22:48 | Create | Unit 1968 |
| 22:56 | Create | Unit 1968 |
| 23:07 | Create | Unit 1968 |
| 23:07 | Create | Unit 1968 |
| 23:09 | Create | Villager (Male) |
| 23:09 | Create | Villager (Male) |
| 23:09 | Create | Villager (Male) |
| 23:10 | Create | Villager (Male) |
| 23:12 | Create | Villager (Male) |
| 23:13 | Create | Villager (Male) |
| 23:24 | Create | Unit 1968 |
| 23:36 | Build | Farm |
| 23:37 | Create | Villager (Male) |
| 23:38 | Create | Villager (Male) |
| 23:42 | Build | University |
| 23:45 | Create | Villager (Male) |
| 23:45 | Create | Villager (Male) |
| 23:47 | Create | Unit 1968 |
| 23:48 | Create | Unit 1968 |
| 24:00 | Create | Unit 1968 |
| 24:00 | Create | Unit 1968 |
| 24:20 | Create | Unit 1968 |
| 24:21 | Create | Unit 1968 |
| 24:22 | Create | Villager (Male) |
| 24:22 | Create | Villager (Male) |
| 24:23 | Create | Villager (Male) |
| 24:28 | Build | Farm |
| 24:44 | Create | Unit 1968 |
| 24:44 | Create | Unit 1968 |
| 25:12 | Create | Unit 1968 |
| 25:12 | Create | Unit 1968 |
| 25:18 | Create | Unit 1968 |
| 25:18 | Create | Unit 1968 |
| 25:19 | Create | Villager (Male) |
| 25:25 | Build | Lumber Camp |
| 25:35 | Build | Farm |
| 25:41 | Build | Lumber Camp |
| 25:44 | Create | Villager (Male) |
| 25:52 | Create | Unit 1968 |
| 25:52 | Create | Unit 1968 |
| 25:56 | Create | Unit 1968 |
| 25:57 | Create | Unit 1968 |
| 26:15 | Create | Unit 1968 |
| 26:16 | Create | Unit 1968 |
| 26:19 | Create | Unit 1968 |
| 26:21 | Create | Villager (Male) |
| 26:23 | Create | Villager (Male) |
Match timeline
| 3:06 | Rex Caedis · wall_segment Palisade Wall x1 |
| 3:17 | Rex Caedis · wall_segment Palisade Wall x1 |
| 3:24 | Rex Caedis · wall_segment Palisade Wall x1 |
| 3:32 | Rex Caedis · wall_segment Palisade Wall x1 |
| 3:33 | Rex Caedis · wall_segment Palisade Wall x1 |
| 3:35 | Rex Caedis · wall_segment Palisade Wall x1 |
| 7:41 | Ivolia · age_up feudal |
| 9:41 | Obuk · age_up feudal |
| 10:22 | KnightLifeAoC · first_building Barracks |
| 10:49 | Go-Toba · age_up feudal |
| 10:56 | Rex Caedis · age_up feudal |
| 10:56 | 菜就多练 · age_up feudal |
| 10:57 | Rumpel the Idle · age_up feudal |
| 11:24 | KnightLifeAoC · age_up feudal |
| 11:30 | KnightLifeAoC · first_building Stable |
| 11:54 | Rumpel the Idle · first_market_sell 100 wood |
| 12:00 | Halvtand · age_up feudal |
| 13:17 | Obuk · age_up castle |
| 14:02 | Go-Toba · age_up castle |
| 14:26 | Rex Caedis · age_up castle |
| 14:28 | Go-Toba · first_market_buy 100 wood |
| 14:38 | Rumpel the Idle · age_up castle |
| 14:43 | Rumpel the Idle · first_building Castle |
| 14:51 | 菜就多练 · age_up castle |
| 14:54 | Rex Caedis · first_building Monastery |
| 14:57 | KnightLifeAoC · age_up castle |
| 15:05 | Rumpel the Idle · first_building Siege Workshop |
| 15:24 | KnightLifeAoC · first_building Monastery |
| 15:30 | Halvtand · age_up castle |
| 15:43 | Ivolia · age_up castle |
| 16:18 | Rumpel the Idle · first_market_buy 100 wood |
| 16:19 | Go-Toba · wall_segment Stone Wall x5 |
| 16:30 | Go-Toba · wall_segment Stone Wall x7 |
| 16:37 | Halvtand · first_market_buy 100 wood |
| 16:39 | Go-Toba · first_building Siege Workshop |
| 17:10 | Go-Toba · wall_segment Stone Wall x1 |
| 17:12 | Go-Toba · wall_segment Stone Wall x4 |
| 17:35 | Go-Toba · wall_segment Stone Wall x1 |
| 17:38 | Go-Toba · wall_segment Stone Wall x8 |
| 17:43 | Go-Toba · first_market_sell 100 wood |
| 17:50 | Obuk · first_building Barracks |
| 17:54 | Go-Toba · wall_segment Stone Wall x2 |
| 17:56 | Obuk · first_market_buy 100 wood |
| 17:57 | Go-Toba · wall_segment Stone Wall x5 |
| 18:04 | Go-Toba · wall_segment Stone Wall x2 |
| 19:06 | Obuk · wall_segment Palisade Wall x1 |
| 19:08 | Obuk · wall_segment Palisade Wall x1 |
| 19:10 | Obuk · wall_segment Palisade Wall x1 |
| 19:11 | Ivolia · first_building Castle |
| 19:26 | Rex Caedis · first_building Barracks |
| 19:34 | Obuk · first_building Siege Workshop |
| 19:40 | Ivolia · wall_segment Stone Wall x1 |
| 19:46 | Ivolia · wall_segment Palisade Wall x1 |
| 19:47 | Ivolia · wall_segment Palisade Wall x1 |
| 19:49 | Ivolia · wall_segment Palisade Wall x1 |
| 19:50 | Ivolia · wall_segment Palisade Wall x1 |
| 19:51 | Ivolia · wall_segment Palisade Wall x1 |
| 19:52 | Ivolia · wall_segment Palisade Wall x1 |
| 19:53 | Ivolia · wall_segment Palisade Wall x1 |
| 20:52 | Ivolia · first_market_sell 500 wood |
| 20:52 | Obuk · wall_segment Palisade Wall x1 |
| 21:44 | Go-Toba · first_building Monastery |
| 22:06 | 菜就多练 · first_building Monastery |
| 22:10 | Go-Toba · wall_segment Stone Wall x3 |
| 22:19 | Ivolia · first_building Siege Workshop |
| 22:25 | Halvtand · first_building Barracks |
| 22:53 | Ivolia · wall_segment Stone Wall x1 |
| 22:54 | Ivolia · age_up imperial |
| 22:55 | Ivolia · wall_segment Stone Wall x1 |
| 22:56 | Ivolia · wall_segment Stone Wall x1 |
| 23:12 | Ivolia · first_market_buy 100 wood |
| 23:37 | Halvtand · first_building Archery Range |
| 23:37 | Go-Toba · first_building Barracks |
| 23:39 | Ivolia · wall_segment Stone Wall x1 |
| 23:42 | Ivolia · wall_segment Stone Wall x1 |
| 23:43 | Ivolia · wall_segment Stone Wall x1 |
| 23:49 | Ivolia · wall_segment Stone Wall x1 |
| 23:50 | Ivolia · wall_segment Stone Wall x1 |
| 23:50 | Ivolia · wall_segment Stone Wall x1 |
| 23:52 | Rex Caedis · first_building Castle |
| 23:57 | Ivolia · wall_segment Stone Wall x1 |
| 24:00 | 菜就多练 · first_market_buy 100 food |
| 24:02 | Obuk · first_market_sell 100 wood |
| 24:13 | Go-Toba · wall_segment Stone Wall x4 |
| 24:17 | 菜就多练 · first_building Barracks |
| 24:22 | Rex Caedis · first_market_buy 100 food |
| 24:36 | Halvtand · first_building Monastery |
| 24:41 | Go-Toba · first_building Castle |
| 24:48 | Rex Caedis · first_market_sell 100 stone |
| 25:19 | Ivolia · wall_segment Stone Wall x1 |
| 25:22 | Ivolia · wall_segment Stone Wall x1 |
| 25:22 | Ivolia · wall_segment Stone Wall x1 |
| 25:28 | Ivolia · wall_segment Stone Wall x1 |
| 25:33 | 菜就多练 · first_building Stable |
| 25:39 | Ivolia · wall_segment Stone Wall x1 |
| 25:42 | Ivolia · wall_segment Stone Wall x1 |
| 25:43 | Ivolia · wall_segment Stone Wall x1 |
| 25:43 | Rex Caedis · wall_segment Palisade Wall x1 |
| 25:47 | Rex Caedis · wall_segment Palisade Wall x1 |
| 25:50 | Rex Caedis · wall_segment Palisade Wall x1 |
| 25:50 | KnightLifeAoC · first_building Archery Range |
| 25:51 | Rex Caedis · wall_segment Palisade Wall x1 |
| 25:52 | Rex Caedis · wall_segment Palisade Wall x1 |
| 26:11 | Go-Toba · age_up imperial |
| 26:15 | KnightLifeAoC · first_building Castle |
| 26:22 | Go-Toba · first_building Stable |
| 27:09 | 菜就多练 · first_building Castle |
| 27:16 | 菜就多练 · age_up imperial |
| 27:36 | Rex Caedis · wall_segment Palisade Wall x1 |
| 27:38 | Rex Caedis · wall_segment Palisade Wall x1 |
| 27:39 | Rex Caedis · wall_segment Palisade Wall x1 |
| 27:40 | Rex Caedis · wall_segment Palisade Wall x1 |
| 27:41 | Rex Caedis · wall_segment Palisade Wall x1 |
| 28:13 | Rex Caedis · age_up imperial |
| 28:38 | KnightLifeAoC · first_market_buy 100 wood |
| 28:53 | KnightLifeAoC · age_up imperial |
| 29:01 | Halvtand · first_building Castle |
| 29:35 | Ivolia · first_building Barracks |
| 29:44 | Go-Toba · wall_segment Stone Wall x14 |
| 29:50 | 菜就多练 · first_market_sell 500 stone |
| 30:11 | KnightLifeAoC · first_building Siege Workshop |
| 30:31 | Halvtand · age_up imperial |
| 30:35 | Rumpel the Idle · first_building Barracks |
| 31:02 | Halvtand · resign |
| 32:20 | KnightLifeAoC · first_market_sell 500 wood |
| 32:26 | KnightLifeAoC · tribute_sent a jugador 2 |
| 32:26 | KnightLifeAoC · tribute_sent a jugador 3 |
| 32:26 | KnightLifeAoC · tribute_sent a jugador 4 |
| 32:26 | KnightLifeAoC · tribute_sent a jugador 5 |
| 32:26 | KnightLifeAoC · tribute_sent a jugador 6 |
| 32:26 | KnightLifeAoC · tribute_sent a jugador 7 |
| 32:26 | KnightLifeAoC · tribute_sent a jugador 8 |
[ AI ANALYSIS · 1 CREDIT ]
What really happened in this match?
Wolo.gg analyzes every decision: build order, eco, micro, common mistakes by bracket. Personalized analysis on WhatsApp or Discord in 30 seconds.
Civ guide
Malay
Perfil
Jugador #3058835